 Dungeon Crawl Stone Soup version 0.31-a0-774-g0d66cbabe8 (webtiles) character file.

Game seed: 3631515399859787986

161 Shayle the Trooper (level 5, 0/53 HPs)
             Began as an Ogre Hexslinger on Sept 17, 2023.
             Succumbed to an orc wizard's poison
             ... on level 4 of the Dungeon.
             The game lasted 00:04:26 (2442 turns).

Shayle the Trooper (Ogre Hexslinger)                Turns: 2442, Time: 00:04:27

Health: 0/53       AC:  3    Str: 12    XL:     5   Next: 42%
Magic:  9/9        EV: 10    Int: 16    God:
Gold:   156        SH:  0    Dex: 11    Spells: 10/10 levels left

rFire   . . .        j - +2 hand axe (elec)
rCold   . . .        (no shield)
rNeg    . . .        c - +0 robe
rPois   .            (helmet restricted)
rElec   .            (no cloak)
rCorr   .            (gloves unavailable)
SInv    .            (boots unavailable)
Will    .....        (no amulet)
Stlth   +            (no ring)
HPRegen 0.28/turn    (no ring)
MPRegen 0.11/turn

%: no passive effects
@: lethally poisoned (0 -> -18)
A: large, unfitting armour, tough skin 1
a: no special abilities


You were on level 4 of the Dungeon.
You visited 1 branch of the dungeon, and saw 4 of its levels.

You collected 156 gold pieces.

Inventory:

Hand Weapons
 a - a +2 sling
 j - a +2 hand axe of electrocution (weapon)
Armour
 c - a +0 robe (worn)
Jewellery
 k - a ring of flight
Talismans
 d - a talisman of death
Scrolls
 b - a scroll of poison
 g - 2 scrolls of butterflies {unknown}
Potions
 e - 2 potions of heal wounds {unknown}
 f - a potion of might
 h - 2 potions of curing {unknown}
 i - a potion of lignification {unknown}
 l - a potion of haste {unknown}
 m - a potion of magic {unknown}


   Skills:
 + Level 3.6 Fighting
 - Level 1.3 Ranged Weapons
 - Level 1.7 Dodging
 + Level 2.1 Unarmed Combat
 + Level 3.0 Spellcasting
 - Level 2.6 Hexes
 - Level 0.8 Fire Magic
 + Level 1.6 Shapeshifting


You had 10 spell levels left.
You didn't know any spells.
Your spell library contained the following spells:

 Spells                   Type           Power      Damage    Failure   Level
 Jinxbite                 Hex            22%        N/A       10%         2
 Freeze                   Ice            8%         1d3       19%         1
 Sigil of Binding         Hex            11%        N/A       19%         3
 Inner Flame              Hex/Fire       8%         N/A       26%         3
 Frozen Ramparts          Ice            4%         1d1       50%         3
 Hailstorm                Conj/Ice       2%         3d3       50%         3
 Cause Fear               Hex            5%         N/A       52%         4
 Dimensional Bullseye     Hex/Tloc       3%         N/A       71%         4


Dungeon Overview and Level Annotations

Branches:
Dungeon (4/15)
 Temple: D:4-7

Altars:
Zin


Innate Abilities, Weirdness & Mutations

You are too large for most types of armour.
You have tough skin. (AC +1)


Message History

You closely miss the orc. The orc hits you but does no damage.
The orc barely misses you.
You hit the orc.
The orc is lightly wounded.
The orc hits you but does no damage.
You barely miss the orc.
The orc is lightly wounded.
The orc hits you with a +0 club.
You barely miss the orc.
The orc is lightly wounded.
The orc hits you with a +0 club. x2
You barely miss the orc.
The orc is lightly wounded.
The orc hits you with a +0 club.
You slash the orc!
You kill the orc!
A magic dart appears from out of thin air!
The magic dart hits you! Something hits you.
You are poisoned.
Things that are here:
a +0 club; an orc corpse You closely miss something.
Your punch misses something.
You feel very sick.
You hear some strange, mumbled words.
A magic dart appears from out of thin air!
The magic dart hits you.
You barely miss something.
You feel sick. Something hits you.
* * * LOW HITPOINT WARNING * * *
You are lethally poisoned!
Something hits you.
* * * LOW HITPOINT WARNING * * *
You miss something.
* * * LOW HITPOINT WARNING * * *
You feel very sick. Something hits you.
* * * LOW HITPOINT WARNING * * *
You are more poisoned.
You slash something!
You die...

### ... #?#
#.#
#.##########
##...@{o....#
#..##########
#####.##
#......#
#.###..#
##.#.###..####
#............#
.#####.#.##.#
#.#.# #


You could see an orc.

Vanquished Creatures
  An orc priest (D:3)
  Terence (D:3)
  3 adders
  2 worms (D:3)
  4 dart slugs
  3 orcs
  10 endoplasms
  4 giant cockroaches
  4 hobgoblins (D:1)
  A quokka (D:1)
  9 ball pythons
  5 bats
  2 frilled lizards
  3 goblins
  4 kobolds
  3 rats
59 creatures vanquished.

Notes
Turn   | Place    | Note
-------+----------+-------------------------------------------
     0 | D:1      | Shayle the Ogre Hexslinger began the quest for the Orb.
     0 | D:1      | Reached XP level 1. HP: 19/19 MP: 2/2
   110 | D:1      | Reached XP level 2. HP: 28/28 MP: 4/4
   314 | D:1      | Reached skill level 1 in Unarmed Combat
   397 | D:1      | Reached XP level 3. HP: 35/36 MP: 6/6
  1118 | D:2      | Reached XP level 4. HP: 44/44 MP: 7/7
  1142 | D:2      | Reached skill level 1 in Shapeshifting
  1635 | D:3      | Reached XP level 5. HP: 53/53 MP: 7/9
  1635 | D:3      | Found a glowing silver altar of Zin.
  1940 | D:3      | Identified the +4 ring mail of Inquiry {Int+3}
  1977 | D:3      | Noticed Terence
  1989 | D:3      | Killed Terence
  2442 | D:4      | Succumbed to an orc wizard's poison

Illustrated notes

Levels and vault maps discovered:
D:1:      psy_arrival_whirlpool, layout_basic
D:2:      layout_rooms, dk_noncrumbling_2, minmay_heptomino_h4
D:3:      layout_loops_cross, mainiacjoe_overflow_concentric_impassable,
          uniq_terence
D:4:      layout_loops_ring, nzn_hepliaklqana_mist_gate,
          gammafunk_temple_overflow_pools, hangedman_decor_clover_reticule,
          glass_columns_a

Skill      XL: |  1  2  3  4  5 |
---------------+----------------+-----
Fighting       | 2 3 |  3.6
Unarmed Combat | 1 2 |  2.1
Spellcasting   | 2 3 |  3.0
Shapeshifting  | 1 |  1.6
Ranged Weapons | |  1.3
Dodging        | |  1.7
Hexes          | |  2.6
Fire Magic     | |  0.8

Action                     |  1- 3 |  4- 6 || total
---------------------------+-------+-------++-------
  Melee: Hand axe          |       |    20 ||    20
         Punch             |       |     1 ||     1
   Fire: Sling             |   128 |   101 ||   229
    Use: Scroll            |       |     4 ||     4
         Potion            |       |     1 ||     1
   Stab: Sleeping          |       |     1 ||     1
 Armour: Robe              |    51 |    65 ||   116
  Dodge: Dodged            |    56 |    42 ||    98

Table legend: (Time is in decaauts)
 A = Elapsed time spent in this place.
 B = Non-inter-level travel time spent in this place.
 C = Inter-level travel time spent in this place.
 D = Time resting spent in this place.
 E = Time spent auto-exploring this place.
 F = Levels seen in this place.
 G = Mean time per level.
                   A        B        C        D        E       F      G
               +--------+--------+--------+--------+--------+-----+--------+
         Total |   2524 |   2462 |     62 |    386 |   1507 |   4 |  631.0 |
       Dungeon |   2524 |   2462 |     62 |    386 |   1507 |   4 |  631.0 |
               +--------+--------+--------+--------+--------+-----+--------+

Top non-repeatable levels by time:
     D:3: 1120 daAuts
     D:1: 1084 daAuts
     D:2: 274 daAuts
     D:4: 45 daAuts
